 Dungeon Crawl Stone Soup version 0.31.0-32-g396128a36d (webtiles) character file.

Game seed: 7399079196070498713

373361 miket3c the Axe Maniac (level 21, -3/202 HPs)
             Began as a Minotaur Fighter on Apr 22, 2024.
             Was a High Priest of Okawaru.
             Killed from afar by Vv (15 damage)
             ... by creeping frost
             ... on level 2 of the Depths.
             The game lasted 01:40:26 (46020 turns).

miket3c the Axe Maniac (Minotaur Fighter)          Turns: 46020, Time: 01:40:27

Health: -3/202     AC: 29    Str: 32    XL:     21   Next: 74%
Magic:  29/29      EV: 13    Int:  9    God:    Okawaru [*****.]
Gold:   2450       SH: 15    Dex: 15    Spells: 20/20 levels left

rFire   + + .        T - +9 broad axe (heavy)
rCold   + + .        F - +0 kite shield {reflect}
rNeg    . . .        b - +2 plate armour {Will+}
rPois   +            g - +2 hood of the Assassin {Detect Stab+ Stlth++}
rElec   .            Y - +0 cloak of Giem {+Inv Str+4 Dex+3 Stlth+}
rCorr   +            f - +0 pair of gloves
SInv    .            V - +2 pair of slick slippers {slick, slippery, EV+4}
Will    ++...        z - amulet of regeneration
Stlth   +            e - ring of Qeilial {rF+ rC++ Will+ rCorr}
HPRegen 1.33/turn    K - ring "Evyexyudo" {rPois rF+ Will- Slay+4 Stlth+}
MPRegen 0.21/turn

%: reflection
@: frozen, very slow
A: horns 2, retaliatory headbutt, clever 1
}: 2/15 runes: barnacled, gossamer
a: Renounce Religion, Evoke Invisibility, Heroism, Finesse, Duel


You were on level 2 of the Depths.
You worshipped Okawaru.
Okawaru was extremely pleased with you.
You visited 8 branches of the dungeon, and saw 37 of its levels.
You visited the Abyss 1 time.
You also visited: Sewer and Ice Cave.

You collected 5086 gold pieces.
You spent 2636 gold pieces at shops.

Inventory:

Hand Weapons
 h - a +4 broad axe of protection
 M - a +0 morningstar
 O - a +0 broad axe of electrocution
 T - a +9 heavy broad axe (weapon)
Missiles
 c - 3 throwing nets
 v - 34 poisoned darts (quivered)
 B - 13 curare-tipped darts
 R - 22 silver javelins
Armour
 b - a +2 plate armour of willpower (worn)
 f - a +0 pair of gloves (worn)
 g - the +2 hood of the Assassin (worn) {Detect Stab+ Stlth++}
   (You found it on level 14 of the Dungeon)

   Detect:    It allows the wearer to sense nearby creatures.
   Stab+:     It allows the wearer to make particularly effective stabbing
   attacks against helpless or unaware enemies with any weapon.
   Stlth++:   It makes you much more stealthy.
 F - a +0 kite shield of reflection (worn)
 V - the +2 pair of slick slippers (worn) {slick, slippery, EV+4}
   (Okawaru gifted it to you on level 4 of the Lair of Beasts)

   Slick:     Its wearer cannot be constricted, engulfed, netted or webbed.
   Slippery:  Its wearer slips away from damaging melee attacks, pulling the
   attacker onward.
   EV+4:      It affects your evasion (+4).
 Y - the +0 cloak of Giem (worn) {+Inv Str+4 Dex+3 Stlth+}
   (You bought it in a shop on level 2 of the Orcish Mines)

   Str+4:     It affects your strength (+4).
   Dex+3:     It affects your dexterity (+3).
   +Inv:      It lets you turn invisible.
   Stlth+:    It makes you more stealthy.
Jewellery
 e - the ring of Qeilial (left hand) {rF+ rC++ Will+ rCorr}
   (You took it off a centaur warrior on level 14 of the Dungeon)

   [ring of willpower]

   rF+:       It protects you from fire.
   rC++:      It greatly protects you from cold.
   Will+:     It increases your willpower.
   rCorr:     It protects you from acid and corrosion.
 i - a ring of resist corrosion
 k - a ring of positive energy
 z - an amulet of regeneration (around neck)
 K - the ring "Evyexyudo" (right hand) {rPois rF+ Will- Slay+4 Stlth+}
   (You bought it in a shop on level 2 of the Dungeon)

   [ring of protection from fire]

   Slay+4:    It affects your accuracy & damage with ranged weapons and melee
   (+4).
   rF+:       It protects you from fire.
   rPois:     It protects you from poison Will-: It decreases your willpower.
   Stlth+:    It makes you more stealthy.
 L - a ring of see invisible
 X - the ring "Huem Kitt" {rC+ Str+5}
   (You took it off a merfolk on level 4 of the Shoals)

   [ring of protection from cold]

   Str+5:     It affects your strength (+5).
   rC+:       It protects you from cold.
Wands
 l - a wand of mindburst (3)
 p - a wand of flame (66)
 t - a wand of roots (34)
 C - a wand of acid (5)
 E - a wand of polymorph (4)
 S - a wand of digging (6)
Scrolls
 o - 4 scrolls of fear
 u - 11 scrolls of teleportation
 w - a scroll of butterflies
 x - 3 scrolls of immolation
 y - 10 scrolls of fog
 G - 2 scrolls of silence
 H - 4 scrolls of poison
 I - 15 scrolls of identify
 P - a scroll of amnesia
 Q - 7 scrolls of revelation
Potions
 a - 4 potions of attraction
 d - 5 potions of might
 j - 2 potions of mutation
 m - a potion of cancellation
 n - 5 potions of haste
 q - 3 potions of heal wounds
 r - a potion of brilliance
 s - 5 potions of enlightenment
 A - 2 potions of magic
 D - 5 potions of berserk rage
 J - 2 potions of lignification
 W - a potion of resistance
 Z - 5 potions of curing
Miscellaneous
 N - a condenser vane
 U - a lightning rod (4/4)


   Skills:
 + Level 20.5 Fighting
 O Level 27 Axes
 + Level 20.5 Armour
 + Level 20.1 Shields
 - Level 12.0 Invocations
 + Level 10.2 Evocations


You had 20 spell levels left.
You didn't know any spells.
Your spell library contained the following spells:

 Spells                   Type           Power      Damage    Failure   Level
 Apportation              Tloc           0%         N/A       87%         1
 Freeze                   Ice            0%         1d3       87%         1
 Magic Dart               Conj           0%         1d3       87%         1
 Sandblast                Erth           0%         2d4       87%         1
 Slow                     Hex            0%         N/A       87%         1
 Blink                    Tloc           0%         N/A       95%         2
 Ensorcelled Hibernation  Hex/Ice        0%         N/A       95%         2
 Jinxbite                 Hex            0%         N/A       95%         2
 Sublimation of Blood     Necr           0%         N/A       95%         2
 Confusing Touch          Hex            0%         N/A       99%         3
 Dazzling Flash           Conj/Hex       0%         N/A       99%         3
 Frozen Ramparts          Ice            0%         1d1       99%         3
 Hailstorm                Conj/Ice       0%         3d5       99%         3
 Inner Flame              Hex/Fire       0%         N/A       99%         3
 Ozocubu's Armour         Ice            0%         N/A       99%         3
 Passwall                 Erth           0%         N/A       99%         3
 Sigil of Binding         Hex            0%         N/A       99%         3
 Stone Arrow              Conj/Erth      0%         3d7       99%         3
 Swiftness                Air            0%         N/A       99%         3
 Vampiric Draining        Necr           0%         2d6       99%         3
 Volatile Blastmotes      Fire/Tloc      0%         2d10      99%         3
 Brom's Barrelling Bould  Conj/Erth      0%         2d3       100%        4
 Cause Fear               Hex            0%         N/A       100%        4
 Flame Wave               Conj/Fire      0%         2d4       100%        4
 Leda's Liquefaction      Alch/Erth      0%         N/A       100%        4
 Passage of Golubria      Tloc           0%         N/A       100%        4
 Petrify                  Alch/Erth      0%         N/A       100%        4
 Sticky Flame             Fire/Alch      0%         2d4       100%        4
 Vhi's Electric Charge    Tloc/Air       0%         N/A       100%        4
 Alistair's Intoxication  Alch           0%         N/A       100%        5
 Arcjolt                  Conj/Air       0%         1d10      100%        5
 Borgnjor's Vile Clutch   Necr/Erth      0%         N/A       100%        5
 Freezing Cloud           Conj/Ice/Air   0%         6-21      100%        5
 Irradiate                Conj/Alch      0%         3d11      100%        5
 Lee's Rapid Deconstruct  Erth           0%         3d4*      100%        5
 Metabolic Englaciation   Hex/Ice        0%         N/A       100%        5
 Silence                  Hex/Air        0%         N/A       100%        5
 Eringya's Noxious Bog    Alch           0%         4d6       100%        6
 Starburst                Conj/Fire      0%         6d3       100%        6
 Orb of Destruction       Conj           0%         9d5       100%        7
 Ozocubu's Refrigeration  Ice            0%         4d7       100%        7
 Discord                  Hex            0%         N/A       100%        8
 Lehudib's Crystal Spear  Conj/Erth      0%         10d2      100%        8
 Maxwell's Capacitive Co  Air            0%         ∞         100%        8
 Call Imp                 Summ           Unusable   N/A       N/A         2
 Animate Armour           Summ/Erth      Unusable   N/A       N/A         4
 Summon Blazeheart Golem  Fire/Summ      Unusable   N/A       N/A         4
 Sculpt Simulacrum        Ice/Alch       Unusable   N/A       N/A         6
 Spellforged Servitor     Conj/Summ      Unusable   N/A       N/A         7

Dungeon Overview and Level Annotations

Branches:
Dungeon (15/15)            Temple (1/1) D:5            Lair (5/5) D:10
 Shoals (4/4) Lair:2       Spider (4/4) Lair:2        Slime (0/5) Lair:5
    Orc (2/2) D:9             Elf (0/3) Orc:2        Vaults (4/5) D:14
  Crypt (0/3) Vaults:3     Depths (2/4) D:15          Sewer (visited)
  IceCv (visited)

Altars:
Ashenzari
Cheibriados
Dithmenos
Elyvilon
Fedhas
Gozag
Hepliaklqana
Kikubaaqudgha
Makhleb
Nemelex Xobeh
Okawaru
Qazlal
Ru
Sif Muna
Trog
Uskayaw
Vehumet
Wu Jian
Xom
Yredelemnul
Zin
The Shining One
Jiyva

Shops:
D:2 ?=(   D:7 !   D:13 (   Orc:2 [(?(!   Shoals:3 :   Vaults:2 (   Vaults:3 [

Portals:
Hell: Depths:1

Annotations:
D:4 1 runed translucent door, Crazy Yiuf
Depths:1 3 runed translucent doors, tbry's ghost, adept MiFi
Depths:2 Vv


Innate Abilities, Weirdness & Mutations

You have a pair of horns on your head.
You reflexively headbutt those who attack you in melee.
Your mind is acute. (Int +4, Str/Dex -1)


Message History

You hear a splash.
The wave splashes down.
Vv the Exile comes into view.
You block Vv's attack. Vv hits you!
You are engulfed in flames!
You resist.
You slip backwards!
You open Vv like a pillowcase!!!
Vv is lightly damaged.
Vv splashes around in the water.
Vv hits you!
You are engulfed in flames!
You resist.
You slip backwards!
You carve Vv like a ham!!! You headbutt Vv, but do no damage.
Vv is moderately damaged.
Vv hits you!! Vv freezes you! You resist. Vv hits you.
You are engulfed in flames!
You resist.
* * * LOW HITPOINT WARNING * * *
You slice Vv!!
Vv is moderately damaged.
Vv barely misses you. Vv hits you!
* * * LOW HITPOINT WARNING * * *
You are engulfed in flames!
You resist.
* * * LOW HITPOINT WARNING * * *
You open Vv like a pillowcase!!! You headbutt Vv!
Vv is heavily damaged.
Vv calls freezing cold from the walls.
The frost grips you!! You resist.
* * * LOW HITPOINT WARNING * * *
You are encased in ice.
Vv misses you. You furiously retaliate!
You headbutt Vv!! You block Vv's attack.
You open Vv like a pillowcase!!! You headbutt Vv!
Vv is almost destroyed.
Vv hits you but does no damage. x2
You miss Vv. You headbutt Vv, but do no damage.
Vv is almost destroyed.
You feel like a meek peon again. Vv hits you but does no damage.
You block Vv's attack.
You slash Vv!
Vv is almost destroyed.
Vv calls freezing cold from the walls.
The frost grips you! You resist.
You die...

####### ##.#.#.##
##.......## #
.#########
##..#...#..## ##
...$...#.##
#.....###...## #.
.....Dd...#
##..### #..#.#
###.
.d...##.#.####~.@#
#....## ##... .##
##...##~~9.#
##....# #....
##...##%~##
###>.###...#
##.)#~.~#
#...#....#
#.....##
##..#.....
#.....##
#..##..#.# ##..###
#......### ####
##....## ###.##


You could see Vv.

Vanquished Creatures
  Mennas (Vaults:3)
  Bai Suzhen (Depths:2)
  Saint Roka (Orc:2)
  Nikola (Shoals:4)
  A bone dragon (Depths:1)
  A caustic shrike (Vaults:3)
  An Ice Fiend (IceCv)
  2 liches
  2 titans
  A kraken (Shoals:3)
  3 sphinxes
  Gastronok (Lair:2)
  A tentacled starspawn (Abyss:2)
  Agnes (Spider:2)
  2 tengu reavers
  Aizul (Shoals:2)
  Donald (Spider:2)
  2 azure jellies (Vaults:3)
  3 iron dragons
  2 frost giants
  2 fire giants
  A deep elf sorcerer (Vaults:3)
  A ghost moth (Spider:3)
  13 vault wardens
  2 emperor scorpions (Spider:4)
  16 ironbound preservers
  An orc warlord (Vaults:4)
  3 stone giants
  A juggernaut skeleton (Depths:1)
  8 ironbound thunderhulks
  9 very ugly things (Depths:1)
  3 broodmothers
  2 formless jellyfish (Vaults:2)
  A deep elf death mage (Vaults:3)
  The ghost of DemonSlayer the Geomancer, a journeyman DsEE of Cheibriados (Lair:4)
  2 vampire knights (Depths:1)
  8 spark wasps
  A war gargoyle (Vaults:3)
  An eidolon (Vaults:3)
  12 dire elephants
  6 merfolk javelineers
  3 ettins
  4 crystal guardians
  5 entropy weavers
  A spriggan zombie (Depths:1)
  3 fire dragons
  14 merfolk impalers
  16 yaktaur captains
  An entropy weaver (shapeshifter) (D:15)
  7 hydras
  2 jorogumos
  3 peacekeepers
  An ironbound frostheart (Vaults:2)
  7 great orbs of eyes
  A spriggan skeleton (Depths:1)
  5 rakshasas
  5 catoblepae
  3 ice dragons (Depths:1)
  A death knight (D:15)
  4 ogre magi
  A caustic shrike simulacrum (IceCv)
  11 centaur warriors
  9 two-headed ogres
  A merfolk avatar (Shoals:4)
  7 merfolk aquamancers
  2 dancing weapons (D:14)
  An alligator snapping turtle (Shoals:3)
  8 boulder beetles
  5 radroaches
  4 satyrs
  A sphinx skeleton (Depths:1)
  2 deep troll earth magi
  2 occultists
  3 tengu warriors
  3 orc high priests
  12 demonic crawlers
  6 thrashing horrors (Abyss:2)
  A wretched star (D:14)
  9 skysharks
  A skyshark (shapeshifter) (Vaults:4)
  Amaemon (D:10)
  4 iron trolls (Depths:1)
  7 pharaoh ants
  5 skeletal warriors (D:15)
  14 sea snakes
  A storm dragon skeleton (Depths:1)
  2 goliath frogs (Lair:5)
  A glowing orange brain (Vaults:4)
  18 orb spiders
  9 arcanists
  3 golden dragon zombies (Depths:1)
  A flayed ghost (Depths:2)
  3 golden dragon skeletons (Depths:1)
  42 deep trolls
  A spriggan simulacrum (IceCv)
  A bog body (IceCv)
  2 obsidian statues (IceCv)
  A shadow dragon zombie (Depths:1)
  4 sun moths
  5 starcursed masses (Abyss:3)
  18 ironbound convokers
  3 orc knights
  2 phantasmal warriors (Vaults:3)
  14 lindwurms
  Pikel (D:9)
  15 steelbarb worms
  7 deep elf pyromancers
  26 wolf spiders
  18 harpies
  3 orc sorcerers
  A steelbarb worm (shapeshifter) (D:11)
  A lindwurm (shapeshifter) (Vaults:2)
  3 necromancers
  4 oklob plants (Lair:1)
  2 tengu skeletons (Depths:1)
  A human zombie (Vaults:3)
  6 large abominations
  22 fauns
  3 moths of wrath (Spider:4)
  10 manticores
  31 ugly things
  5 meliai
  20 vault sentinels
  6 cyclopes
  A worldbinder (Abyss:3)
  2 kobold blastminers (Orc:1)
  5 black mambas
  20 elephants
  7 merfolk sirens
  Joseph (D:7)
  2 ice statues (Vaults:3)
  A centaur zombie (D:15)
  3 gargoyles
  5 water nymphs (Shoals:4)
  2 centaur skeletons (D:15)
  18 cane toads
  2 orange demons
  A naga mage (Vaults:3)
  12 torpor snails
  Maggie (D:8)
  Jeremiah (D:7)
  23 yaktaurs
  An efreet (D:12)
  A tormentor (Abyss:2)
  3 kobold demonologists
  5 freezing wraiths (IceCv)
  4 golden dragon simulacra
  An ancient zyme (Abyss:2)
  5 tengu conjurers
  2 ice devils (IceCv)
  12 komodo dragons
  22 merfolk
  Psyche (D:9)
  8 wind drakes
  7 trolls
  A tyrant leech (Lair:5)
  A hornet (D:11)
  A polar bear (Lair:2)
  A tengu simulacrum (Vaults:3)
  7 raiju
  26 blink frogs
  5 dream sheep
  30 tarantellas
  12 snapping turtles
  29 slime creatures
  13 culicivoras
  8 air elementals (Shoals:4)
  21 jumping spiders
  8 wraiths
  3 basilisks
  2 ynoxinuls (Abyss:2)
  40 yaks
  A centaur simulacrum (D:15)
  A fire bat (Orc:2)
  A spriggan (shapeshifter) (D:14)
  A vampire (D:13)
  An alligator snapping turtle simulacrum (Vaults:3)
  28 water elementals
  Grum (D:8)
  3 wyverns
  2 steam dragons
  16 vampire mosquitoes
  5 wargs
  46 redbacks
  Edmund (D:4)
  A small abomination (Abyss:3)
  A neqoxec (Abyss:2)
  4 hydra simulacra
  A harpy simulacrum (IceCv)
  4 glowing shapeshifter zombies
  A hell hound (Orc:2)
  4 glowing shapeshifter skeletons
  34 orc warriors
  19 water moccasins
  2 sky beasts
  4 laughing skulls
  4 ettin simulacra (IceCv)
  9 boggarts
  8 wolves
  A black bear (D:6)
  2 fire dragon simulacra (Vaults:3)
  10 ogres
  11 centaurs
  A human skeleton (Vaults:3)
  A lemure (D:9)
  A phantom (D:7)
  A kobold brigand (D:9)
  22 bullfrogs
  4 scorpions
  2 deep troll simulacra
  2 snapping turtle simulacra (Vaults:3)
  4 howler monkeys
  4 electric eels
  3 bombardier beetles
  A quasit (Abyss:3)
  3 hounds
  A human simulacrum (Vaults:3)
  20 orc priests
  2 sleepcaps (D:7)
  4 iguanas
  Terence (D:3)
  5 hell rats (Lair:3)
  36 orc wizards
  3 gnolls (D:8)
  17 adders
  6 river rats (Sewer)
  A river rat (shapeshifter) (D:14)
  A white imp (D:7)
  A ribbon worm (D:2)
  2 dart slugs
  A ribbon worm (shapeshifter) (D:14)
  103 orcs
  7 endoplasms
  7 giant cockroaches
  6 hobgoblins
  5 jackals (D:2)
  4 quokkas
  15 ball pythons
  7 bats
  8 frilled lizards
  11 goblins
  20 kobolds
  26 rats
  4 tentacles (Shoals:3)
1632 creatures vanquished.

Vanquished Creatures (others)
  A wretched star (Abyss:2)
  A steelbarb worm (Spider:4)
  A manticore (Shoals:4)
  A jumping spider (Spider:4)
  3 water elementals (Shoals:4)
  A boggart (Vaults:3)
  2 starspawn tentacles (Abyss:2)
  2 tentacles (Shoals:3)
12 creatures vanquished.

Grand Total: 1644 creatures vanquished

Notes
Turn   | Place    | Note
-------+----------+-------------------------------------------
     0 | D:1      | miket3c the Minotaur Fighter began the quest for the Orb.
     0 | D:1      | Reached XP level 1. HP: 19/19 MP: 0/0
   268 | D:1      | Reached XP level 2. HP: 26/27 MP: 1/1
   383 | D:1      | Reached skill level 3 in Axes
   953 | D:2      | Reached XP level 3. HP: 29/33 MP: 2/2
   981 | D:2      | Found Gucabbum's Antique Weapon Shoppe.
  1010 | D:2      | Identified the +1 leather armour of Urchem {Str+3}
  1337 | D:2      | Reached XP level 4. HP: 39/40 MP: 3/3
  1346 | D:2      | Found Uzop's Magic Scroll Emporium.
  1358 | D:2      | Bought a scroll of identify for 20 gold pieces
  1466 | D:2      | Found Ranev's Jewellery Shop.
  1616 | D:3      | Reached skill level 4 in Axes
  1646 | D:3      | Noticed Terence
  1657 | D:3      | Killed Terence
  1884 | D:3      | Found a glowing drain.
  1892 | D:3      | Reached XP level 5. HP: 33/47 MP: 4/4
  1949 | D:3      | Found a bloodstained altar of Trog.
  1964 | D:3      | You fall into a shaft and drop 2 floors!
  1964 | D:5      | Entered Level 5 of the Dungeon
  2142 | Sewer    | Entered a sewer
  2208 | Sewer    | Reached skill level 5 in Axes
  2411 | Sewer    | Reached XP level 6. HP: 49/55 MP: 5/5
  2572 | Sewer    | Reached skill level 5 in Fighting
  2572 | Sewer    | Reached skill level 5 in Armour
  2572 | Sewer    | Reached skill level 5 in Shields
  2577 | Sewer    | Reached skill level 6 in Axes
  3038 | D:4      | Identified a scroll of acquirement
  3038 | D:4      | Acquired 1030 gold pieces
  3087 | D:4      | Reached XP level 7. HP: 61/61 MP: 6/6
  3333 | D:4      | Found a shadowy altar of Dithmenos.
  3344 | D:4      | Noticed Edmund
  3359 | D:4      | Killed Edmund
  3360 | D:4      | Reached skill level 7 in Axes
  3480 | D:4      | Found an ancient bone altar of Kikubaaqudgha.
  3569 | D:4      | Reached XP level 8. HP: 68/70 MP: 7/7
  3780 | D:4      | Found a shimmering blue altar of Sif Muna.
  3850 | D:4      | Found a runed translucent door.
  3851 | D:4      | Noticed Crazy Yiuf
  4180 | D:5      | Reached skill level 8 in Axes
  4318 | D:5      | Found a staircase to the Ecumenical Temple.
  4330 | Temple   | Entered the Ecumenical Temple
  4351 | Temple   | Became a worshipper of Warmaster Okawaru
  4939 | D:6      | Reached * piety under Okawaru
  4940 | D:6      | Reached skill level 9 in Axes
  5232 | D:6      | Reached XP level 9. HP: 72/79 MP: 8/8
  5778 | D:7      | Noticed Jeremiah
  5778 | D:7      | Noticed a two-headed ogre
  6244 | D:7      | Noticed Joseph
  6256 | D:7      | Killed Joseph
  6256 | D:7      | Reached ** piety under Okawaru
  6257 | D:7      | Reached skill level 10 in Axes
  6394 | D:7      | Found Kiacigyu's Distillery.
  6402 | D:7      | Bought a potion of heal wounds for 55 gold pieces
  6445 | D:7      | Killed a two-headed ogre
  6446 | D:7      | Reached skill level 1 in Invocations
  6639 | D:7      | Killed Jeremiah
  6640 | D:7      | Reached skill level 11 in Axes
  6727 | D:7      | Reached *** piety under Okawaru
  6728 | D:7      | Reached XP level 10. HP: 87/90 MP: 10/10
  6745 | D:7      | Found a snail-covered altar of Cheibriados.
  6953 | D:7      | Found the +1 robe of Vines {NoPotionHeal Regen++++}
  7091 | D:7      | Found a basalt altar of Yredelemnul.
  7334 | D:8      | Noticed Maggie
  7345 | D:8      | Killed Maggie
  7490 | D:8      | Found a sparkling altar of Nemelex Xobeh.
  7786 | D:8      | Noticed a two-headed ogre
  7794 | D:8      | Killed a two-headed ogre
  8001 | D:8      | Identified the ring "Sulotwyko" {*Slow Will+ Str+2 Dex+7}
  8063 | D:8      | Noticed Grum
  8071 | D:8      | Killed Grum
  8071 | D:8      | Reached **** piety under Okawaru
  8072 | D:8      | Reached skill level 12 in Axes
  8382 | D:9      | Noticed Pikel
  8400 | D:9      | Killed Pikel
  8403 | D:9      | Noticed a centaur warrior
  8506 | D:9      | Killed a centaur warrior
  8613 | D:9      | Found a glowing golden altar of the Shining One.
  8616 | D:9      | Found a sacrificial altar of Ru.
  8616 | D:9      | Found a burning altar of Makhleb.
  8617 | D:9      | Found a shimmering altar of Xom.
  8618 | D:9      | Found an ornate altar of the Wu Jian Council.
  8747 | D:9      | Reached ***** piety under Okawaru
  8748 | D:9      | Reached XP level 11. HP: 85/97 MP: 13/13
  8789 | D:9      | Identified the +1 robe of Generosity {rPois Int+5}
  9145 | D:9      | Found a staircase to the Orcish Mines.
  9582 | D:9      | Noticed Psyche
  9587 | D:9      | Killed Psyche
  9776 | D:2      | Bought the ring "Evyexyudo" {rPois rF+ Will- Slay+4 Stlth+}
                  | for 722 gold pieces
  9776 | D:2      | Bought an amulet of reflection for 420 gold pieces
  9794 | D:2      | Bought a scroll of blinking for 75 gold pieces
  9794 | D:2      | Bought a scroll of teleportation for 30 gold pieces
  9794 | D:2      | Bought a scroll of brand weapon for 95 gold pieces
  9973 | D:10     | Entered Level 10 of the Dungeon
 10037 | D:10     | Reached skill level 13 in Axes
 10077 | D:10     | Noticed a sun demon
 10089 | D:10     | Reached skill level 10 in Armour
 10231 | D:10     | Noticed Amaemon
 10236 | D:10     | Reached skill level 10 in Fighting
 10244 | D:10     | Killed Amaemon
 10604 | D:10     | Reached skill level 10 in Shields
 10625 | D:10     | Reached skill level 5 in Invocations
 10712 | D:10     | Found a staircase to the Lair.
 11288 | Lair:1   | Entered Level 1 of the Lair of Beasts
 11588 | Lair:1   | Noticed an oklob plant
 11599 | Lair:1   | Noticed an oklob plant
 11599 | Lair:1   | Noticed an oklob plant
 11609 | Lair:1   | Killed an oklob plant
 11619 | Lair:1   | Killed an oklob plant
 11620 | Lair:1   | Reached skill level 14 in Axes
 11623 | Lair:1   | Killed an oklob plant
 11623 | Lair:1   | Received a gift from Okawaru
 11705 | Lair:1   | Noticed an oklob plant
 12046 | Lair:1   | Killed an oklob plant
 12200 | Lair:1   | Reached XP level 12. HP: 80/108 MP: 15/15
 12940 | Lair:2   | Noticed a four-headed hydra
 12947 | Lair:2   | Killed a four-headed hydra
 12995 | Lair:2   | Found a hole to the Spider Nest.
 13085 | Lair:2   | Received a gift from Okawaru
 13445 | Lair:2   | Noticed Gastronok
 13454 | Lair:2   | Killed Gastronok
 13455 | Lair:2   | Reached skill level 15 in Axes
 13718 | Lair:2   | Reached ****** piety under Okawaru
 13884 | Lair:2   | Found a staircase to the Shoals.
 13892 | Lair:2   | Received a gift from Okawaru
 13895 | Lair:2   | Acquired a +5 heavy broad axe
 13895 | Lair:2   | Received a gift from Okawaru
 14419 | Lair:3   | Reached XP level 13. HP: 94/117 MP: 17/17
 14662 | Lair:3   | Reached skill level 16 in Axes
 14722 | Lair:3   | Received a gift from Okawaru
 15690 | Lair:4   | Acquired the +2 pair of slick slippers {slick, slippery,
                  | EV+4}
 15690 | Lair:4   | Received a gift from Okawaru
 15690 | Lair:4   | Found the +2 pair of slick slippers {slick, slippery, EV+4}
 15779 | Lair:4   | Found a runed translucent gate.
 15779 | Lair:4   | Found a runed translucent gate.
 15779 | Lair:4   | Found a runed translucent gate.
 15779 | Lair:4   | Noticed DemonSlayer's ghost (journeyman DsEE)
 15788 | Lair:4   | Received a gift from Okawaru
 15965 | Lair:4   | Killed DemonSlayer's ghost
 16249 | Lair:4   | Reached skill level 17 in Axes
 16522 | Lair:4   | Received a gift from Okawaru
 16962 | Lair:5   | Entered Level 5 of the Lair of Beasts
 17149 | Lair:5   | Received a gift from Okawaru
 17169 | Lair:5   | Reached XP level 14. HP: 95/129 MP: 19/19
 17855 | Lair:5   | Received a gift from Okawaru
 17944 | Lair:5   | Found a staircase to the Slime Pits.
 17945 | Lair:5   | Found a viscous altar of Jiyva.
 18005 | Lair:5   | Reached skill level 18 in Axes
 18143 | Lair:5   | Got the Catalogue of Clay and the Icicle
 18528 | Orc:1    | Entered Level 1 of the Orcish Mines
 18850 | Orc:2    | Entered Level 2 of the Orcish Mines
 19199 | Orc:2    | Found a staircase to the Elven Halls.
 19225 | Orc:2    | Found Xyse's Magic Scroll Shoppe.
 19237 | Orc:2    | Bought 3 scrolls of enchant weapon for 315 gold pieces
 19298 | Orc:1    | Received a gift from Okawaru
 19455 | Orc:2    | Found a shimmering altar of Xom.
 19494 | Orc:2    | Noticed Saint Roka
 19812 | Orc:2    | Killed Saint Roka
 20338 | Orc:2    | Found Gyaxtyih's Antique Weapon Shoppe.
 20346 | Orc:2    | Found Iphe's Antique Armour Emporium.
 20353 | Orc:2    | Bought a slimy cloak for 323 gold pieces
 20353 | Orc:2    | Identified the +0 cloak of Giem {+Inv Str+4 Dex+3 Stlth+}
                  | (You bought it in a shop on level 2 of the Orcish Mines)
 20370 | Orc:2    | Bought a runed war axe for 156 gold pieces
 20731 | Orc:2    | Found Wig Cazi's Weapon Shop.
 20861 | Orc:2    | Found Vuvofiula's Distillery.
 20867 | Orc:2    | Bought a potion of haste for 170 gold pieces
 20867 | Orc:2    | Bought a potion of heal wounds for 85 gold pieces
 20867 | Orc:2    | Bought a potion of haste for 170 gold pieces
 21232 | D:11     | Paralysed by a hornet for 1 turns
 21372 | D:11     | Received a gift from Okawaru
 21601 | D:11     | Found a runed translucent door.
 21673 | D:11     | Reached XP level 15. HP: 138/138 MP: 21/21
 21674 | D:11     | Noticed a fire giant
 21679 | D:11     | Killed a fire giant
 21680 | D:11     | Reached skill level 19 in Axes
 21912 | D:12     | Received a gift from Okawaru
 22502 | D:12     | Found a shimmering blue altar of Sif Muna.
 22506 | D:12     | Got Sif Muna's Annotations on the Hornet and the Pyre
 23172 | D:13     | Found a glowing golden altar of the Shining One.
 23175 | D:13     | Reached skill level 10 in Invocations
 23495 | D:13     | Received a gift from Okawaru
 23745 | D:13     | Found Noogh's Antique Weapon Boutique.
 23999 | D:14     | Identified the +2 scale mail of Lethargy {Fly rElec rC+
                  | Int+4}
 24389 | Abyss:2  | Cast into level 2 of the Abyss (an occultist)
 24448 | Abyss:2  | Found a corrupted altar of Lugonu.
 24602 | Abyss:2  | Found a corrupted altar of Lugonu.
 24617 | Abyss:2  | Noticed a tentacled starspawn
 24623 | Abyss:2  | Killed a tentacled starspawn
 24623 | Abyss:2  | Received a gift from Okawaru
 24847 | Abyss:3  | Received a gift from Okawaru
 24848 | Abyss:3  | Reached skill level 20 in Axes
 24857 | D:14     | Escaped the Abyss
 25138 | D:14     | Found a gate to the Vaults.
 25247 | D:14     | Identified the ring of Qeilial {rF+ rC++ Will+ rCorr}
 25428 | D:14     | Reached skill level 15 in Fighting
 25433 | D:14     | Identified the +3 whip of the End {freeze, rF+ rN++}
 25579 | D:14     | Reached skill level 15 in Armour
 25887 | D:14     | Received a gift from Okawaru
 25888 | D:14     | Identified the +4 shortbow of Kyguhaes {drain, SInv}
 25909 | D:14     | Identified the +3 falchion of Tiene {vamp, rF+ Will+ Int+3
                  | Dex+3}
 25911 | D:14     | Identified the +4 spear of Ciblase {pain, rC++ rN+ Int+3}
 25933 | D:14     | Reached XP level 16. HP: 126/148 MP: 23/23
 26111 | D:14     | Found the +2 hood of the Assassin {Detect Stab+ Stlth++}
 26119 | D:14     | Identified the +0 ring mail "Zolomida" {rElec rCorr Int+3
                  | Stlth-}
 26189 | D:15     | Entered Level 15 of the Dungeon
 27104 | D:15     | Reached skill level 15 in Shields
 27206 | D:15     | Received a gift from Okawaru
 28166 | D:15     | Found a staircase to the Depths.
 28483 | Spider:1 | Entered Level 1 of the Spider Nest
 28500 | Spider:1 | Reached skill level 21 in Axes
 28724 | Spider:1 | Received a gift from Okawaru
 29419 | Spider:1 | Received a gift from Okawaru
 30300 | Spider:2 | Noticed Donald
 30301 | Spider:2 | Noticed Agnes
 30305 | Spider:2 | Killed Agnes
 30309 | Spider:2 | Killed Donald
 30392 | Spider:2 | Received a gift from Okawaru
 30527 | Spider:2 | Reached XP level 17. HP: 154/158 MP: 24/24
 31367 | Spider:3 | Reached skill level 22 in Axes
 31541 | Spider:3 | Received a gift from Okawaru
 31768 | Spider:3 | Reached skill level 1 in Evocations
 32124 | Spider:4 | Entered Level 4 of the Spider Nest
 32942 | Spider:4 | Received a gift from Okawaru
 33355 | Spider:4 | Received a gift from Okawaru
 33418 | Spider:4 | Got a gossamer rune of Zot
 33422 | Spider:4 | Identified the -2 hat "Kychiu Mabo" {rC+++ Regen+ Int-4
                  | Stlth+}
 34168 | Shoals:1 | Entered Level 1 of the Shoals
 34194 | Shoals:1 | Reached skill level 23 in Axes
 34194 | Shoals:1 | Reached XP level 18. HP: 129/169 MP: 26/26
 34765 | Shoals:1 | Found a glacial archway.
 34785 | IceCv    | Entered an ice cave
 34831 | IceCv    | Received a gift from Okawaru
 34861 | IceCv    | Gained mutation: You occasionally lose the ability to drink
                  | potions when taking damage. [a neqoxec]
 34979 | IceCv    | Noticed an Ice Fiend
 34984 | IceCv    | Killed an Ice Fiend
 35065 | IceCv    | Got Roroq's Directory of the Iceberg
 35457 | Shoals:2 | Identified the serpent talisman of Idealism {rF+ rCorr
                  | Dex+3}
 35457 | Shoals:2 | Noticed Aizul
 35465 | Shoals:2 | Killed Aizul
 36090 | Shoals:3 | Reached skill level 5 in Evocations
 36126 | Shoals:3 | Received a gift from Okawaru
 36234 | Shoals:3 | Found Luqen's Book Emporium.
 36300 | Shoals:3 | Got Xexku's Incunabulum of the Maleficium
 36758 | Shoals:4 | Entered Level 4 of the Shoals
 36908 | Shoals:4 | Paralysed by an air elemental for 1 turns
 36962 | Shoals:4 | Paralysed by an air elemental for 1 turns
 36966 | Shoals:4 | Paralysed by an air elemental for 1 turns
 36968 | Shoals:4 | Paralysed by an air elemental for 1 turns
 36971 | Shoals:4 | Paralysed by an air elemental for 1 turns
 36974 | Shoals:4 | Paralysed by an air elemental for 1 turns
 37161 | Shoals:4 | Reached skill level 24 in Axes
 37555 | Shoals:4 | Paralysed by an air elemental for 1 turns
 37561 | Shoals:4 | Received a gift from Okawaru
 37562 | Shoals:4 | Reached XP level 19. HP: 159/179 MP: 27/27
 37715 | Shoals:4 | Paralysed by an air elemental for 1 turns
 37723 | Shoals:4 | Identified the ring "Huem Kitt" {rC+ Str+5}
 37860 | Shoals:4 | Got a barnacled rune of Zot
 38051 | Shoals:4 | Paralysed by an air elemental for 1 turns
 38055 | Shoals:4 | Paralysed by an air elemental for 1 turns
 38064 | Shoals:4 | Paralysed by an air elemental for 1 turns
 38167 | Shoals:4 | Noticed Nikola
 38185 | Shoals:4 | Killed Nikola
 38719 | Vaults:1 | Entered Level 1 of the Vaults
 38839 | Vaults:1 | Received a gift from Okawaru
 39519 | Vaults:1 | Identified the +1 robe of the Northern Lights {-Cast rN+
                  | Dex+7}
 40135 | Vaults:2 | Found Jeec's Weapon Shop.
 40145 | Vaults:2 | Lost mutation: You occasionally lose the ability to drink
                  | potions when taking damage. [potion of mutation]
 40145 | Vaults:2 | Gained mutation: Your mind is acute. (Int +4, Str/Dex -1)
                  | [potion of mutation]
 40197 | Vaults:2 | Received a gift from Okawaru
 40231 | Vaults:2 | Reached skill level 25 in Axes
 41007 | Vaults:2 | Received a gift from Okawaru
 41114 | Vaults:2 | Reached XP level 20. HP: 119/189 MP: 28/28
 41349 | Vaults:3 | Found a staircase to the Crypt.
 41450 | Vaults:3 | Found Nayf's Antique Armour Shop.
 41767 | Vaults:3 | Identified the +0 bardiche of Truncation {freeze, ^Drain
                  | rF+++ Dex+8}
 41767 | Vaults:3 | Identified the +0 robe of Sif Muna, Protecting {Rampage
                  | Will+ Dex-5 Stlth+}
 41802 | Vaults:3 | HP: 7/191 [dire elephant (24)]
 41803 | Vaults:3 | HP: 2/191 [dire elephant (6)]
 42036 | Vaults:3 | You fall into a shaft and drop 1 floor!
 42143 | Vaults:3 | Received a gift from Okawaru
 42156 | Vaults:3 | Reached skill level 26 in Axes
 42178 | Vaults:3 | Noticed Mennas
 42225 | Vaults:3 | Killed Mennas
 42628 | Vaults:3 | Noticed a caustic shrike
 42633 | Vaults:3 | Killed a caustic shrike
 42683 | Vaults:3 | Got the Precepts of Topomancy
 42907 | Vaults:3 | Received a gift from Okawaru
 44000 | Vaults:4 | Received a gift from Okawaru
 44004 | Vaults:4 | Reached XP level 21. HP: 150/200 MP: 24/29
 44046 | Vaults:4 | Identified the +2 pair of gloves of Poor Excuses {^Drain
                  | Int+4 SInv}
 44682 | Vaults:4 | Received a gift from Okawaru
 44950 | Depths:1 | Entered Level 1 of the Depths
 45204 | Depths:1 | Reached skill level 27 in Axes
 45285 | Depths:1 | Found the +9 sword of Zonguldrok {reap}
 45481 | Depths:1 | Noticed tbry's ghost (adept MiFi)
 45494 | Depths:1 | Received a gift from Okawaru
 45532 | Depths:1 | Reached skill level 10 in Evocations
 45635 | Depths:1 | Found a gateway to Hell.
 45637 | Depths:1 | Found a runed translucent gate.
 45637 | Depths:1 | Found a runed translucent gate.
 45637 | Depths:1 | Found a runed translucent gate.
 45991 | Depths:2 | Noticed Bai Suzhen
 46012 | Depths:2 | Killed Bai Suzhen
 46013 | Depths:2 | Noticed Vv
 46017 | Depths:2 | HP: 8/202 [Vv/creeping frost (21)]
 46020 | Depths:2 | Killed from afar by Vv

Illustrated notes

Levels and vault maps discovered:
D:1:      minmay_arrival_plants_in_alcoves, layout_basic
D:2:      layout_basic, serial_shops, shop, nicolae_shop_tiny_glass, shop
D:3:      minmay_angry_zag, layout_basic, mainiacjoe_overflow_paths,
          gup_sewer_entry_glass, st_stairs_3, uniq_terence
D:4:      minmay_chambers_of_twos, layout_basic, overflow_temple_1_default,
          grunt_dithmenos_smoke, amcnicky_altar_gilded, uniq_crazy_yiuf_cottage,
          uniq_edmund
D:5:      layout_basic, minmay_temple_entry_antechambers
D:6:      layout_loops_ring
D:7:      hellmonk_destroyed_diamonds, layout_loops_corners,
          mainiacjoe_overflow_alcove_2, lemuel_coloured_pillars_altar,
          serial_shops, shop_fountains, hellmonk_no_cap, uniq_joseph,
          uniq_jeremiah
D:8:      minmay_evil_eye, layout_basic, nemelex_diamond_rough_becter,
          enter_bailey_7, uniq_grum, uniq_maggie
D:9:      layout_long_grid, minitemple, david_orc_1_choice, uniq_pikel,
          uniq_psyche
D:10:     layout_cave_pools, lair_entry_dummy, uniq_amaemon
D:11:     layout_basic, minivault_13
D:12:     layout_stronghold, serial_library_hellmonk_narrow_alcove
D:13:     layout_big_octagon, serial_shops, nicolae_shop_peninsula,
          nicolae_tso_carved_into_rock
D:14:     layout_roguey, erik_vaults_1, kennysheep_cross_room,
          minmay_the_grid_square_5x5_3x3_mashed
          [minmay_the_grid_square_5x5_slash, minmay_the_grid_square_5x5_meh,
          minmay_the_grid_square_5x5_one_wall, minmay_the_grid_square_5x5_fat_x,
          minmay_the_grid_square_5x5_megaprize_checkered,
          minmay_the_grid_square_5x5_spiral, minmay_the_grid_square_5x5_bridge,
          minmay_the_grid_square_5x5_two_small,
          minmay_the_grid_square_5x5_inner_z]
D:15:     grunt_enter_depths_magical_seal, layout_stronghold, evilmike_butchery
Temple:   dpeg_chambers_temple
Lair:1:   minmay_lair_oklob_tunnel, layout_regular_city
Lair:2:   layout_gridlike, nicolae_shoals_entry_roost,
          nicolae_spider_entry_orb_guardian, uniq_gastronok
Lair:3:   layout_chaotic_city, beast_lair_carwin_8
Lair:4:   layout_roguey, ebering_ghost_rock_garden
Lair:5:   minmay_lair_end_frog_pond, layout_regular_city, slime_entry_1
Shoals:1: layout_shoals, portal_ice_cave_entry_pillars_1
Shoals:2: layout_shoals, uniq_aizul
Shoals:3: cheibrodos_shoals_epimethial_gifts, layout_shoals, serial_shops, shop,
          nicolae_shoals_mertower
Shoals:4: shoals_end_hellmonk_storm_palace [storm_palace_center_circular,
          storm_palace_corner_pillars, storm_palace_corner_reverse_hut,
          storm_palace_corner_reverse_hut, storm_palace_corner_reverse_hut],
          serial_shops, uniq_nikola
Spider:1: layout_cave_pods, nicolae_spider_shape
Spider:2: nicolae_spider_obnoxious_hallway, uniq_agnes, uniq_donald
Spider:3: layout_cave_pods
Spider:4: grunt_spider_rune_island, nicolae_spider_claw_tunnel
Orc:1:    layout_caves
Orc:2:    grunt_orc_community_town_hall, layout_diamond_mine,
          grunt_orc_community_big_house_2, grunt_orc_community_big_house_2,
          grunt_orc_community_house_1, grunt_orc_community_house_3,
          grunt_orc_community_house_3, grunt_orc_community_house_1,
          grunt_orc_community_house_3, grunt_orc_community_house_1,
          serial_shops, nicolae_shop_just_a_little_nook, regret_index_xom_of_box
Vaults:1: hangedman_vaults_restitches, ontoclasm_vaults_chip, vaults_room_fours,
          v_rooms_4, nicolae_vaults_surprise_closet, vaults_room_door_hall,
          nicolae_vaults_shipping_containers_7, nicolae_vaults_specimen_jars,
          nicolae_vaults_little_squares_4, layout_vaults_big_cross
Vaults:2: vaults_standard_mumra_x, nicolae_vaults_c_with_doors,
          vaults_room_hallway, v_misc_31, nicolae_vaults_storage_room_doors,
          v_rooms_1, hangedman_vaults_corner, vaults_dpeg_hooks,
          nicolae_vaults_door_testing_chamber, nicolae_vaults_tetromino_L_1,
          nicolae_vaults_taking_the_gang_shopping, layout_vaults_big_room
Vaults:3: nicolae_vaults_disappearing_quadrants, hangedman_vaults_stitches,
          nicolae_vaults_little_ls, nicolae_vaults_what_the_h,
          minmay_crypt_entry_simple_walls, nicolae_vaults_more_shelving_2,
          serial_ice_h, hangedman_vaults_locks, nicolae_vaults_trapezoid_3,
          vaults_room_hallway, v_alt_pattern_2,
          nicolae_vaults_mini_display_case, layout_vaults_omnibox, serial_shops,
          shop, serial_magic_research, hangedman_research_geology,
          hangedman_research_thermodynamics, uniq_mennas
Vaults:4: v_misc_27, vaults_mumra_chevron_long, v_alt_pattern_3,
          nicolae_vaults_steering_wheel, vaults_mumra_minichess_inversion,
          nicolae_vaults_little_squares_6, v_pattern_2, vaults_room_semicircle,
          nicolae_vaults_shrinking_rooms_1, nicolae_vaults_spaceships,
          grunt_vaults_hallway_short, nicolae_vaults_theta,
          nicolae_vaults_murderbox, nicolae_vaults_tangram_1,
          nicolae_vaults_little_squares_4, nicolae_vaults_house_1, v_misc_15,
          layout_vaults_ring
Depths:1: layout_cave_pools, hell_entry, gammafunk_ghost_split,
          minmay_guarded_unrand_zonguldrok
Depths:2: minmay_shrinking_squares, layout_twisted_cross, enter_ziggurat_b,
          corexii_corridor_pit, pan_entry, hell_entry,
          hangedman_abyss_entry_splay, infiniplex_staircase_zigzag_4,
          minmay_shop_grove, uniq_vv, uniq_bai_suzhen, uniq_asterion

Skill      XL: |  1  2  3  4  5  6  7  8  9 10 11 12 13 14 15 16 17 18 19 20 21 |
---------------+----------------------------------------------------------------+-----
Axes           | 3 4 5 6 7 9 11 12 14 15 17 18 20 21 23 24 25 26 27 | 27.0
Fighting       | 4 5 6 7 8 9 10 11 13 14 15 16 17 18 19 20 | 20.5
Armour         | 4 5 6 7 8 9 10 11 13 14 15 16 17 18 19 20 | 20.5
Shields        | 4 5 6 7 8 9 10 11 12 13 14 15 16 17 18 19 20 | 20.1
Invocations    | 1 4 5 7 8 9 10 11 12 | 12.0
Evocations     | 3 5 7 9 10 | 10.2

Action                     |  1- 3 |  4- 6 |  7- 9 | 10-12 | 13-15 | 16-18 | 19-21 || total
---------------------------+-------+-------+-------+-------+-------+-------+-------++-------
  Melee: War axe           |    77 |   141 |   243 |   385 |       |       |       ||   846
         Headbutt          |    10 |    21 |    43 |    83 |   141 |   200 |   285 ||   783
         Broad axe         |       |       |       |    30 |   727 |   929 |   946 ||  2632
         Morningstar       |       |       |       |     3 |    19 |       |       ||    22
         Unarmed           |       |       |       |       |       |       |     6 ||     6
  Throw: Javelin           |       |       |     3 |     5 |       |       |       ||     8
         Dart              |       |       |       |     4 |       |       |       ||     4
 Invoke: Heroism           |       |       |     2 |     8 |     9 |    16 |    17 ||    52
         Finesse           |       |       |       |     1 |     1 |     2 |     5 ||     9
         Receive Weapon    |       |       |       |     1 |       |       |       ||     1
         Receive Armour    |       |       |       |       |     1 |       |       ||     1
  Evoke: Wand              |       |       |       |       |       |       |     1 ||     1
    Use: Scroll            |       |    14 |     9 |     7 |     9 |    13 |     8 ||    60
         Potion            |       |     2 |       |     3 |     6 |     7 |     6 ||    24
   Stab: Invisible         |       |       |       |     6 |       |     3 |     4 ||    13
         Distracted        |       |       |       |       |       |     1 |     1 ||     2
         Held in net/web   |       |       |       |       |       |       |     1 ||     1
         Petrified         |       |       |       |       |       |       |     1 ||     1
 Armour: Scale mail        |    61 |   129 |   129 |       |       |       |       ||   319
         Chain mail        |       |       |    55 |       |       |       |       ||    55
         Plate armour      |       |       |     6 |   365 |   523 |   766 |   779 ||  2439
         Skin              |       |       |       |       |       |       |     5 ||     5
  Dodge: Dodged            |    30 |    75 |    82 |   104 |   233 |   391 |   350 ||  1265
  Block: Buckler           |    19 |    33 |    57 |   183 |   409 |   139 |       ||   840
         Reflection        |       |       |       |     1 |    27 |    64 |    49 ||   141
         Kite shield       |       |       |       |       |       |   610 |   694 ||  1304
